 Dungeon Crawl Stone Soup version 0.21-a0-221-gfe971b9 (webtiles) character file.

2595 Gorglomux the Skirmisher (level 9, -1/64 HPs)
             Began as an Octopode Skald on Aug 27, 2017.
             Was a Priest of Okawaru.
             Slain by a wyvern (10 damage)
             ... on level 7 of the Dungeon.
             The game lasted 00:12:18 (6396 turns).

Gorglomux the Skirmisher (Octopode Skald)           Turns: 6396, Time: 00:12:19

Health: -1/64      AC: 11    Str: 10    XL:     9   Next: 59%
Magic:  10/15      EV: 19    Int: 19    God:    Okawaru [***...]
Gold:   174        SH:  0    Dex: 11    Spells: 3/16 levels left

rFire    . . .     SeeInvis .   a - +2 long sword (protect)
rCold    . . .     Gourm    .   (no shield)
rNeg     . . .     Faith    .   (helmet restricted)
rPois    .         Spirit   .   X - amulet of magic regeneration
rElec    .         Reflect  .   V - +3 ring of protection
rCorr    .         Harm     .   (no ring)
MR       .....                  (no ring)
Stlth    +++++.....             (no ring)
HPRegen  0.20/turn              (no ring)
MPRegen  0.39/turn              (no ring)
                                (no ring)
                                (no ring)

@: heroism, protection aura
A: almost no armour, stealthy swim, amphibious, 8 rings, constrict 8, camouflage
1, gelatinous body 1
a: Heroism, Renounce Religion


You were on level 7 of the Dungeon.
You worshipped Okawaru.
Okawaru was most pleased with you.
You were not hungry.

You visited 1 branch of the dungeon, and saw 7 of its levels.

You collected 351 gold pieces.
You spent 177 gold pieces at shops.

Inventory:

Hand Weapons
 a - a +2 long sword of protection (weapon)
Jewellery
 V - a +3 ring of protection (left tentacle)
 X - an amulet of magic regeneration (around mantle)
Wands
 D - a wand of digging (7/24)
 H - a wand of digging (14/24)
 O - a wand of clouds (0/9)
Scrolls
 d - 2 scrolls of enchant weapon {unknown}
 j - a scroll of remove curse
 B - a scroll of blinking
 G - a scroll of fear {unknown}
 I - a scroll of magic mapping {unknown}
 N - a scroll of random uselessness {unknown}
 S - a scroll of enchant armour {unknown}
 T - 2 scrolls of teleportation
 U - 2 scrolls of immolation {unknown}
Potions
 g - a potion of haste
 J - 2 potions of heal wounds
 K - a potion of berserk rage
 L - 2 potions of ambrosia {unknown}
 Q - 7 potions of curing
 R - a potion of agility {unknown}
 W - 2 potions of flight
 Y - a potion of mutation {!q}
 Z - a potion of degeneration {unknown}
Books
 b - a book of Battle

   Spells                             Type                      Level
   a - Infusion                       Charms                       1
   b - Shroud of Golubria             Charms/Translocation         2
   c - Song of Slaying                Charms                       2
   d - Spectral Weapon                Hexes/Charms                 3
   e - Regeneration                   Charms/Necromancy            3
 M - a book of Minor Magic

   Spells                             Type                      Level
   a - Magic Dart                     Conjuration                  1
   b - Blink                          Translocation                2
   c - Call Imp                       Summoning                    2
   d - Slow                           Hexes                        2
   e - Conjure Flame                  Conjuration/Fire             3
   f - Mephitic Cloud                 Conjuration/Poison/Air       3
Comestibles
 c - 6 bread rations
 h - 3 royal jellies
 i - 8 fruits
 P - 9 chunks of flesh


   Skills:
 + Level 7.3(12.3) Fighting
 + Level 3.3(8.3) Long Blades
 - Level 6.2(11.2) Dodging
 - Level 4.0(9.0) Stealth
 - Level 4.1 Spellcasting
 + Level 2.4 Hexes
 - Level 5.2 Charms
 + Level 2.9 Necromancy
 - Level 2.6 Translocations


You had 3 spell levels left.
You knew the following spells:

 Your Spells              Type           Power        Failure   Level  Hunger
a - Infusion              Chrm           ###.         1%          1    None
d - Blink                 Tloc           N/A          7%          2    ##.....
h - Shroud of Golubria    Chrm/Tloc      ###.......   4%          2    ##.....
y - Song of Slaying       Chrm           ###.....     2%          2    ##.....
R - Regeneration          Chrm/Necr      ###.......   8%          3    ###....
W - Spectral Weapon       Hex/Chrm       ###.....     9%          3    ###....


Dungeon Overview and Level Annotations

Branches:
Dungeon (7/15)             Temple (0/1) D:6

Altars:
Hepliaklqana
Kikubaaqudgha
Okawaru

Shops:
D:5 *


Innate Abilities, Weirdness & Mutations

You cannot wear most types of armour.
You are very stealthy in the water. (Stealth+)
You are amphibious.
You can wear up to eight rings at the same time.
You can use your tentacles to constrict eight enemies at once.
Your skin changes colour to match your surroundings (Stealth+).
Your rubbery body absorbs attacks. (AC +1, EV +1)


Message History

Your shroud falls apart!!!
The butt bites butt!!! * * * don't die
* * * You carve the wyvern but do no damage!
You squeeze the wyvern!
The wyvern is moderately wounded!
The wyvern barely misses you!
Unknown command!
You cut the wyvern but do no damage!
The wyvern is moderately wounded!
The wyvern barely misses you! x2
Unknown command!
You chop the wyvern butt do no damage!
The wyvern is moderately wounded!
Your skin stops crawling!
The wyvern misses you!
Unknown command!
You carve the wyvern like a ham!
The butt is heavily wounded!
The wyvern bites you!!! rip

.# #.# #.
#.#### #
#....#
#.####.####
###
#........#
..#
#.####.##.#
#.# #.##.##
#.# #
##.#...###.#
...........@#
.#.#####.##l#
#. #.##.# #.
#.##<# #.##.#
#.##.# ..##.#
.....# ..#


You could see a wyvern.

Vanquished Creatures
  Pikel (D:5)
  Grinder (D:4)
  Eustachio (D:6)
  Menkaure (D:5)
  A sky beast (D:6)
  An ice beast (D:6)
  A phantom (D:6)
  2 black bears
  2 ogres
  A slave (D:5)
  A centaur (D:6)
  Blork the orc (D:5)
  A bullfrog (D:6)
  A wyvern zombie (D:7)
  2 scorpions (D:6)
  4 crimson imps
  A howler monkey (D:4)
  A centaur zombie (D:6)
  A hound (D:5)
  A jelly (D:5)
  An orc wizard (D:3)
  Crazy Yiuf (D:5)
  Natasha (D:3)
  6 worker ants
  A hound skeleton (D:6)
  A gnoll (D:1)
  A howler monkey skeleton (D:6)
  10 adders
  2 shadow imps (D:6)
  6 dart slugs
  A worm (D:2)
  2 leopard geckos
  13 orcs
  7 giant cockroaches
  8 goblins
  8 hobgoblins
  4 jackals (D:7)
  3 kobolds
  6 quokkas
  3 ball pythons
  8 bats
  5 frilled lizards
  A quokka skeleton (D:4)
  A quokka zombie (D:5)
  6 rats
132 creatures vanquished.

Vanquished Creatures (others)
  A crimson imp (D:5)
  2 bullfrog skeletons (D:5)
  An adder (D:5)
  An orc (D:5)
  A giant cockroach (D:5)
  A spectral weapon (D:7)
7 creatures vanquished.

Grand Total: 139 creatures vanquished

Notes
Turn   | Place    | Note
-------+----------+-------------------------------------------
     0 | D:1      | Gorglomux the Octopode Skald began the quest for the Orb.
     0 | D:1      | Reached XP level 1. HP: 14/14 MP: 3/3
    77 | D:1      | Reached skill level 1 in Stealth
   177 | D:1      | Reached XP level 2. HP: 19/19 MP: 0/5
   236 | D:1      | Learned a level 2 spell: Song of Slaying
   239 | D:1      | Learned a level 2 spell: Shroud of Golubria
   801 | D:1      | Reached XP level 3. HP: 22/25 MP: 3/6
   963 | D:1      | Reached skill level 3 in Fighting
   963 | D:1      | Reached skill level 3 in Stealth
  1270 | D:2      | Reached XP level 4. HP: 19/31 MP: 7/7
  2205 | D:2      | Found an iron altar of Okawaru.
  2206 | D:2      | Found a hazy altar of Hepliaklqana.
  2210 | D:2      | Became a worshipper of Warmaster Okawaru
  2446 | D:3      | Reached XP level 5. HP: 37/37 MP: 8/8
  2468 | D:3      | Reached skill level 4 in Fighting
  2468 | D:3      | Reached skill level 3 in Dodging
  2695 | D:3      | Noticed Natasha
  2708 | D:3      | Killed Natasha
  2962 | D:4      | Noticed an ogre
  3013 | D:4      | Reached skill level 1 in Translocations
  3013 | D:4      | Reached XP level 6. HP: 44/44 MP: 9/9
  3044 | D:4      | Reached * piety under Okawaru
  3228 | D:4      | Learned a level 3 spell: Regeneration
  3321 | D:4      | Noticed Grinder
  3328 | D:4      | Paralysed by Grinder for 2 turns
  3344 | D:4      | Paralysed by Grinder for 3 turns
  3355 | D:4      | Paralysed by Grinder for 2 turns
  3357 | D:4      | Killed Grinder
  3357 | D:4      | Reached skill level 5 in Fighting
  3357 | D:4      | Reached XP level 7. HP: 37/50 MP: 2/10
  3692 | D:4      | Reached skill level 1 in Necromancy
  3916 | D:4      | Learned a level 2 spell: Blink
  4217 | D:5      | Entered Level 5 of the Dungeon
  4231 | D:5      | Noticed Pikel
  4317 | D:5      | Killed Pikel
  4317 | D:5      | Reached ** piety under Okawaru
  4317 | D:5      | Reached skill level 6 in Fighting
  4317 | D:5      | Reached skill level 3 in Spellcasting
  4317 | D:5      | Reached XP level 8. HP: 10/57 MP: 6/12
  4648 | D:5      | Noticed Menkaure
  4662 | D:5      | Killed Menkaure
  4806 | D:5      | Learned a level 3 spell: Spectral Weapon
  4871 | D:5      | Found Totwaoff's Assorted Antiques.
  4879 | D:5      | Bought 2 pink potions for 48 gold pieces
  4879 | D:5      | Bought a murky ruby potion for 24 gold pieces
  4879 | D:5      | Bought a scroll of identify for 54 gold pieces
  4879 | D:5      | Bought a fuming sapphire potion for 24 gold pieces
  4879 | D:5      | Bought a scroll labeled FISTRU VUUHEA for 27 gold pieces
  4958 | D:5      | Found a runed door.
  4970 | D:5      | Noticed Blork the orc
  4982 | D:5      | Killed Blork the orc
  5554 | D:5      | Noticed Crazy Yiuf
  5558 | D:5      | Killed Crazy Yiuf
  5625 | D:6      | Reached skill level 6 in Dodging
  5640 | D:6      | Reached XP level 9. HP: 39/63 MP: 13/15
  5651 | D:6      | Found a staircase to the Ecumenical Temple.
  6014 | D:6      | Reached skill level 1 in Hexes
  6052 | D:6      | Reached skill level 7 in Fighting
  6079 | D:6      | Reached skill level 3 in Long Blades
  6166 | D:6      | Noticed Eustachio
  6232 | D:6      | Killed Eustachio
  6232 | D:6      | Reached *** piety under Okawaru
  6275 | D:7      | Found an ancient bone altar of Kikubaaqudgha.
  6396 | D:7      | Slain by a wyvern

Vault maps used:
D:1:      minmay_arrival_open_corners
D:2:      gammafunk_temple_overflow_statue
D:3:      first_bread, uniq_natasha
D:4:      minmay_misc_feat_x, uniq_grinder
D:5:      serial_shops, nicolae_shop_trees, uniq_menkaure, uniq_pikel,
          uniq_crazy_yiuf_cottage, uniq_blork_the_orc
D:6:      minmay_temple_entry_overgrown, serial_curves, eino_curves_01,
          eino_curves_01, eino_curves_04, kennysheep_dice, uniq_eustachio
D:7:      lemuel_doored_altar, uniq_duvessa

Skill      XL: |  1  2  3  4  5  6  7  8  9 |
---------------+----------------------------+-----
Stealth        | 1 2 3 4 |  4.0
Fighting       | 3 4 5 6 7 |  7.3
Dodging        | 3 4 5 6 |  6.2
Translocations | 1 2 |  2.6
Necromancy     | 1 2 |  2.9
Spellcasting   | 3 4 |  4.1
Charms         | 4 5 |  5.2
Hexes          | 2 |  2.4
Long Blades    | 3 |  3.3

Action                   |  1- 3 |  4- 6 |  7- 9 || total
-------------------------+-------+-------+-------++-------
Melee: Falchion          |    56 |    95 |    75 ||   226
       Constrict         |    16 |    26 |    35 ||    77
       Tentacles         |     9 |    17 |    32 ||    58
       Long sword        |       |       |    89 ||    89
       Punch             |       |       |     3 ||     3
 Cast: Infusion          |     6 |     8 |     1 ||    15
       Shroud of Golubri |     1 |     5 |    15 ||    21
       Song of Slaying   |       |     2 |     1 ||     3
       Regeneration      |       |       |    13 ||    13
       Spectral Weapon   |       |       |    16 ||    16
Invok: Heroism           |       |       |     6 ||     6
Evoke: Wand              |       |       |     1 ||     1
  Use: Potion            |     1 |       |       ||     1
       Scroll            |       |     3 |     6 ||     9
 Stab: Sleeping          |     6 |     8 |     8 ||    22
       Distracted        |       |       |     2 ||     2
  Eat: Chunk             |     1 |     7 |    14 ||    22
Armor: Skin              |     1 |     9 |    38 ||    48
Dodge: Dodged            |    39 |    58 |   132 ||   229
       Rpst.: Falchion   |     9 |    10 |    22 ||    41
       Long sword        |       |       |    15 ||    15

Table legend:
 A = Spawn XP
 B = Non-spawn XP
 C = Spawn XP percentage of total XP
 D = Spawn monster count
 E = Non-spawn monster count
 F = Spawn count percentage of total count
 G = Total turns spent on level
                    A         B        C        D         E        F      G
               +---------+---------+-------+---------+---------+-------+---------
         Total |     252 |    3456 |   6.8 |      18 |     114 |  13.6 |  6396
               +---------+---------+-------+---------+---------+-------+---------
           D:1 |      24 |      37 |  39.3 |       5 |      20 |  20.0 |  1184
           D:2 |       6 |      55 |   9.8 |       3 |      17 |  15.0 |  1108
           D:3 |      54 |     118 |  31.4 |       6 |      13 |  31.6 |   657
           D:4 |     157 |     669 |  19.0 |       3 |      25 |  10.7 |  1268
           D:5 |       0 |    1032 |   0.0 |       0 |      10 |   0.0 |  1369
           D:6 |      11 |    1399 |   0.8 |       1 |      21 |   4.5 |   654
           D:7 |       0 |     146 |   0.0 |       0 |       8 |   0.0 |   156
               +---------+---------+-------+---------+---------+-------+---------
